cohdb
Replays
Latest Replays
All Replays
Popular Replays
Top Player Replays
Match Explorer
How It Works
Community
CoH3 Stats
Reddit
Sign in to upload your games and track your stats! →
Sign in with Steam
Match 45606775
Unlisted
Match 45606775
Overview
Messages
Build Orders
End
Construct Weapon Support Center
Engineer Squad
M1919 Machine Gun Team
M1919 Machine Gun Team
Bazooka Squad
Infantry Support Center
Construct Medical Station
Selects Special Operations Battlegroup
Selects M29 Weasel with M1 Pack Howitzer
M29 Weasel with M1 Pack Howitzer
Selects Smoke Screen
Selects SSF Commando Squad
SSF Commando Squad
Advanced Logistics
Survival Training
nub
oziligath
Carrier
Konpaku Youmu
0
0
Comments
sign in to comment!
No comments posted yet!